 Dungeon Crawl Stone Soup version 0.22-a0-362-g535178c (webtiles) character file.

42 Amnesiac the Grave Robber (level 3, -11/26 HPs)
             Began as a Mummy Necromancer on Apr 20, 2018.
             Mangled by an ogre
             ... wielding a +0 giant spiked club
              (16 damage)
             ... on level 3 of the Dungeon.
             The game lasted 00:03:33 (1175 turns).

Amnesiac the Grave Robber (Mummy Necromancer)       Turns: 1175, Time: 00:03:34

Health: -11/26     AC:  4    Str: 11    XL:     3   Next: 35%
Magic:  0/7        EV: 12    Int: 15    God:
Gold:   29         SH:  0    Dex: 12    Spells: 4/8 levels left

rFire    x . .     SeeInvis .   (no weapon)
rCold    + . .     Gourm    .   (no shield)
rNeg     + + +     Faith    .   b - +0 leather armour
rPois    ∞         Spirit   .   (no helmet)
rElec    .         Reflect  .   (no cloak)
rCorr    .         Harm     .   d - +0 pair of gloves
MR       .....                  (no boots)
Stlth    +.........             (no amulet)
HPRegen  0.08/turn              (no ring)
MPRegen  0.10/turn              (no ring)

@: no status effects
A: no food or potions, fire vulnerability, cold resistance 1, negative energy
resistance 3, torment resistance, unbreathing
a: no special abilities


You were on level 3 of the Dungeon.
You were not hungry.

You visited 1 branch of the dungeon, and saw 4 of its levels.

You collected 29 gold pieces.

Inventory:

Armour
 b - a +0 leather armour (worn)
 d - a +0 pair of gloves (worn)
Scrolls
 a - a scroll of remove curse {!r}
 c - a scroll of magic mapping {!r, unknown}
 f - a scroll of identify {!r, unknown}


   Skills:
 + Level 1.2 Fighting
 * Level 2.3 Dodging
 - Level 1.5 Stealth
 - Level 3.0 Spellcasting
 + Level 4.2 Necromancy


You had 4 spell levels left.
You knew the following spells:

 Your Spells              Type           Power        Failure   Level  Hunger
a - Pain                  Necr           ###.         4%          1    N/A
d - Vampiric Draining     Necr           ###.......   14%         3    N/A

Dungeon Overview and Level Annotations

Branches:
Dungeon (4/15)
 Temple: D:4-7

Altars:


Innate Abilities, Weirdness & Mutations

You do not eat or drink.
Your flesh is vulnerable to fire.
You are immune to poison.
Your flesh is cold resistant. (rC+)
You are immune to negative energy. (rN+++)
You are immune to unholy pain and torment.
You can survive without breathing.


Message History

Found a plate armour.
There is an open door here.
You now have 29 gold pieces (gained 10).
There is an open door here.
The ogre is too close now for your liking.
Casting: Pain (safe; 4% risk of failure)
Confirm with . or Enter, or press ? or * to list all spells.
You can't see any susceptible monsters within range! (Use Z to cast anyway.)
Casting: Pain (safe; 4% risk of failure)
Confirm with . or Enter, or press ? or * to list all spells.
You can't see any susceptible monsters within range! (Use Z to cast anyway.)
Casting: Pain (safe; 4% risk of failure)
Confirm with . or Enter, or press ? or * to list all spells.
You can't see any susceptible monsters within range! (Use Z to cast anyway.)
Casting: Pain (safe; 4% risk of failure)
Confirm with . or Enter, or press ? or * to list all spells.
You can't see any susceptible monsters within range! (Use Z to cast anyway.)
Casting: Pain (safe; 4% risk of failure)
Confirm with . or Enter, or press ? or * to list all spells.
Aiming: Pain (safe; 4% risk of failure)
Press: ? - help, Shift-Dir - straight line, f - ogre
Aim: an ogre, wielding a giant spiked club (chance to defeat MR: 73%)
The ogre writhes in agony!
Casting: Pain (safe; 4% risk of failure)
Confirm with . or Enter, or press ? or * to list all spells.
Aiming: Pain (safe; 4% risk of failure)
Press: ? - help, Shift-Dir - straight line, f/p - ogre
Aim: an ogre, wielding a giant spiked club (lightly wounded, chance to defeat MR: 73%)
The ogre writhes in agony!
Casting: Pain (safe; 4% risk of failure)
Confirm with . or Enter, or press ? or * to list all spells.
Aiming: Pain (safe; 4% risk of failure)
Press: ? - help, Shift-Dir - straight line, f/p - ogre
Aim: an ogre, wielding a giant spiked club (moderately wounded, chance to defeat MR: 73%)
The ogre writhes in agony!
Casting: Pain (safe; 4% risk of failure)
Confirm with . or Enter, or press ? or * to list all spells.
Aiming: Pain (safe; 4% risk of failure)
Press: ? - help, Shift-Dir - straight line, f/p - ogre
Aim: an ogre, wielding a giant spiked club (moderately wounded, chance to defeat MR: 73%)
The ogre writhes in agony!
Casting: Pain (safe; 4% risk of failure)
Confirm with . or Enter, or press ? or * to list all spells.
Aiming: Pain (safe; 4% risk of failure)
Press: ? - help, Shift-Dir - straight line, f/p - ogre
Aim: an ogre, wielding a giant spiked club (heavily wounded, chance to defeat MR: 73%)
The ogre struggles to resist.
The ogre hits you with a giant spiked club!!
Ouch! That really hurt!
* * * LOW HITPOINT WARNING * * *
Casting: Pain (safe; 4% risk of failure)
Confirm with . or Enter, or press ? or * to list all spells.
You don't have enough magic to cast that spell.
Unknown command.
Casting: Pain (safe; 4% risk of failure)
Confirm with . or Enter, or press ? or * to list all spells.
Aiming: Vampiric Draining (safe; 14% risk of failure)
Press: ? - help, Shift-Dir - straight line, f/p - ogre
Aim: an ogre, wielding a giant spiked club (heavily wounded)
The ogre is severely wounded.
You feel life coursing into your body.
The ogre hits you with a giant spiked club!
Ouch! That really hurt!
You die...

#.###.##..###..#.#.#
#................#.#
#####.#######......#
#.# #####..#####
#.###........#
#..........#.#
#####.####.#.#
#######.####.#.#####
#.....O@...........#
#.#####......#####.#
#.# #####.[# #.#####
#.# #...# #.?....
#.# ##$.# #.####.
#.# ##.#####.# #.#
#....†..# #.#
#.####### #.# #+#


You could see an ogre.

Vanquished Creatures
  An adder (D:2)
  A gnoll (D:2)
  A leopard gecko (D:1)
  An orc (D:3)
  3 giant cockroaches (D:2)
  A goblin (D:3)
  4 hobgoblins (D:2)
  2 quokkas
  3 bats
  2 kobolds (D:2)
  A rat (D:2)
20 creatures vanquished.

Notes
Turn   | Place    | Note
-------+----------+-------------------------------------------
     0 | D:1      | Amnesiac the Mummy Necromancer began the quest for the Orb.
     0 | D:1      | Reached XP level 1. HP: 13/13 MP: 4/4
    76 | D:2      | Reached XP level 2. HP: 20/20 MP: 0/5
   242 | D:2      | Noticed a crimson imp
   447 | D:4      | Noticed an ogre
   507 | D:3      | Reached skill level 1 in Fighting
   632 | D:3      | Noticed an ogre
   692 | D:3      | Reached XP level 3. HP: 4/26 MP: 3/7
   915 | D:2      | Learned a level 3 spell: Vampiric Draining
  1175 | D:3      | Mangled by an ogre

Vault maps used:
D:1:      lightli_arrival_isolated_outpost
D:2:      evilmike_ruin_ashenzari, uniq_sigmund
D:3:      first_ration
D:4:      uniq_eustachio

Skill      XL: |  1  2 |
---------------+-------+-----
Dodging        | 2 |  2.3
Spellcasting   | 3 |  3.0
Fighting       | 1 |  1.2
Stealth        | |  1.5
Necromancy     | |  4.2

Action                   || total
-------------------------++-------
Melee: Unarmed           ||    19
 Cast: Pain              ||    60
       Vampiric Draining ||     1
  Use: Scroll            ||     2
Armor: Robe              ||     6
       Leather armour    ||     6
Dodge: Dodged            ||    31

Table legend:
 A = Spawn XP
 B = Non-spawn XP
 C = Spawn XP percentage of total XP
 D = Spawn monster count
 E = Non-spawn monster count
 F = Spawn count percentage of total count
 G = Total turns spent on level
                    A         B        C        D         E        F      G
               +---------+---------+-------+---------+---------+-------+---------
         Total |       0 |      61 |   0.0 |       0 |      20 |   0.0 |  1175
               +---------+---------+-------+---------+---------+-------+---------
           D:1 |       0 |       3 |   0.0 |       0 |       1 |   0.0 |    94
           D:2 |       0 |      48 |   0.0 |       0 |      14 |   0.0 |   585
           D:3 |       0 |      10 |   0.0 |       0 |       5 |   0.0 |   493
               +---------+---------+-------+---------+---------+-------+---------
